 Dungeon Crawl Stone Soup version 0.28.0 (webtiles) character file.

Game seed: 11624213126984740971

40 psuckher the Sneak (level 3, -1/36 HPs)
             Began as a Troll Delver on Feb 16, 2022.
             Was an Initiate of Trog.
             Killed from afar by DemonSlayer's ghost (5 damage)
             ... with a magic dart
             ... on level 5 of the Dungeon.
             The game lasted 00:01:15 (189 turns).

psuckher the Sneak (Troll Delver)                    Turns: 189, Time: 00:01:15

Health: -1/36      AC:  4    Str: 22    XL:     3   Next: 30%
Magic:  2/2        EV: 10    Int:  6    God:    Trog [......]
Gold:   14         SH:  0    Dex: 11    Spells: 2/2 levels left

rFire   . . .      SeeInvis .     - Unarmed
rCold   . . .      Faith    .   (no shield)
rNeg    . . .      Spirit   .   a - +0 robe
rPois   .          Reflect  .   (helmet restricted)
rElec   .          Harm     .   (no cloak)
rCorr   .          Rampage  .   (gloves unavailable)
Will    .....                   (boots unavailable)
Stlth   ++........              (no amulet)
HPRegen 0.92/turn               (no ring)
MPRegen 0.08/turn               (no ring)

@: no status effects
A: large, unfitting armour, claws 3, regeneration 1, shaggy fur 1, tough skin 1
a: Renounce Religion


You were on level 5 of the Dungeon.
You worshipped Trog.
Trog was noncommittal.
You visited 2 branches of the dungeon, and saw 2 of its levels.

You collected 14 gold pieces.

Inventory:

Armour
 a - a +0 robe (worn)
Wands
 f - a wand of digging (3)
Scrolls
 b - a scroll of fog
 c - a scroll of magic mapping
Potions
 e - a potion of haste


   Skills:
 + Level 2.6 Fighting
 + Level 1.7 Dodging
 + Level 3.2 Stealth
 + Level 2.1 Unarmed Combat


You had 2 spell levels left.
You didn't know any spells.
Your spell library was empty.

Dungeon Overview and Level Annotations

Branches:
Dungeon (5/15)             Temple (1/1) D:5

Altars:
Trog
Uskayaw

Annotations:
D:5 DemonSlayer's ghost, novice DECj


Innate Abilities, Weirdness & Mutations

You are too large for most types of armour.
You have claws for hands.
Your natural rate of healing is unusually fast.
You are covered in fur. (AC +1)
You have tough skin. (AC +1)


Message History

DemonSlayer's ghost is heavily damaged.
You feel sick. The adder closely misses you. The adder bites you.
DemonSlayer's ghost misses you. The adder barely misses you.
You scratch DemonSlayer's ghost. You claw DemonSlayer's ghost.
DemonSlayer's ghost is severely damaged.
You feel sick. The adder barely misses you.
DemonSlayer's ghost casts a spell at you.
The magic dart hits you!
* * * LOW HITPOINT WARNING * * *
The adder barely misses you. The adder completely misses you.
You scratch DemonSlayer's ghost but do no damage.
DemonSlayer's ghost is severely damaged.
You feel sick.
You are no longer poisoned.
The adder bites you but does no damage. DemonSlayer's ghost hits you.
* * * LOW HITPOINT WARNING * * *
The adder bites you.
* * * LOW HITPOINT WARNING * * *
As you read the scroll of fear, it crumbles to dust.
You assume a fearsome visage.
The adder looks frightened! x2
DemonSlayer's ghost is unaffected.
DemonSlayer's ghost is bathed in the radiant lights of Iskenderun.
DemonSlayer's ghost gestures at you while chanting.
The magic dart hits you.
* * * LOW HITPOINT WARNING * * *
You scratch DemonSlayer's ghost.
DemonSlayer's ghost is severely damaged.
DemonSlayer's ghost hits you but does no damage.
You miss DemonSlayer's ghost.
DemonSlayer's ghost is severely damaged.
DemonSlayer's ghost casts a spell at you.
The magic dart hits you.
* * * LOW HITPOINT WARNING * * *
You closely miss DemonSlayer's ghost.
DemonSlayer's ghost is severely damaged.
DemonSlayer's ghost hits you but does no damage.
Cornered, the adder turns to fight!
DemonSlayer's ghost gestures at you while chanting.
The magic dart hits you.
You die...

. .# ####.#.....# ###.#
#....#.....# ..#.#
#..........# #.#.#
#....#.....# #...#
##.#.#..######. ##.##
#.#.#..#...... #...#
#...#.....# #.⌠.# #..###'#.##
#...# #..#....@# ##.###
#..#.....#####.# ⌠...⌠#
#..#....W.....S#...
.....####..#.S.#†#..####..
..>..#.....#...#≈#........
.....#####.#####≈##.####.###+
⌠...⌠# #.# #≈##.# #.....
##.### #.# #≈##.# #...# #...#
#.# #$##.# #...#


You could see DemonSlayer's ghost and an adder.

Vanquished Creatures
  A centaur zombie (D:5)
  An adder (D:5)
2 creatures vanquished.

Notes
Turn   | Place    | Note
-------+----------+-------------------------------------------
     0 | D:5      | psuckher the Troll Delver began the quest for the Orb.
     0 | D:5      | Reached XP level 1. HP: 22/22 MP: 0/0
    32 | D:5      | Found a staircase to the Ecumenical Temple.
    41 | Temple   | Entered the Ecumenical Temple
    64 | Temple   | Became a worshipper of Trog the Wrathful
   158 | D:5      | Reached skill level 3 in Stealth
   158 | D:5      | Reached XP level 2. HP: 24/29 MP: 1/1
   158 | D:5      | Reached XP level 3. HP: 30/36 MP: 2/2
   164 | D:5      | Found a runed translucent door.
   166 | D:5      | Noticed DemonSlayer's ghost (novice DECj)
   186 | D:5      | HP: 1/36 [DemonSlayer's ghost/magic dart (5)]
   189 | D:5      | Killed from afar by DemonSlayer's ghost

Illustrated notes

Levels and vault maps discovered:
D:5:      layout_basic, minmay_temple_entry_antechambers, ebering_ghost_sewer_d
Temple:   mainiacjoe_temple_hex_bubbles

Skill      XL: |  1 |
---------------+----+-----
Stealth        | 3 |  3.2
Fighting       | |  2.6
Dodging        | |  1.7
Unarmed Combat | |  2.1

Action                   || total
-------------------------++-------
Melee: Unarmed           ||    19
       Punch             ||     1
  Use: Scroll            ||     1
Armor: Robe              ||    17
Dodge: Dodged            ||    17
